[Event "Late-Titled-Tuesday-Blitz-November-28-2023"]
[Site "Chess.com"]
[Date "2023.11.28"]
[Round "9"]
[White "DawnofEpiphany"]
[Black "PapaieDudu"]
[Result "1-0"]
[WhiteElo "2636"]
[BlackElo "2419"]
[TimeControl "180+1"]
[EndTime "15:43:32 PST"]
[Termination "DawnofEpiphany won by checkmate"]

1. Nf3 d5 2. g3 Nf6 3. Bg2 e6 4. O-O Be7 5. c4 O-O 6. b3 b6 7. cxd5 exd5 8. d4 Re8 9. Nc3 Ba6 10. Bb2 Nbd7 11. Rc1 c6 12. Re1 Bd6 13. e3 Rc8 14. Ne2 Ne4 15. Nf4 Ndf6 16. Ne5 Bb7 17. Re2 h6 18.
Rec2 c5 19. a4 Qe7 20. Qf1 Red8 21. Bh3 Rc7 22. Nf3 c4 23. bxc4 Ba6 24. Ne5 g5 25.
Nfd3 g4 26. Nxg4 dxc4 27. Ne1 Ng5 28. Nxf6+ Qxf6 29. Bg2 b5 30. axb5 Bxb5 31. Bc3 Kh7 32. e4 Qg6 33. Qe2 Re7 34. e5 f6 35. f4 fxe5 36.
dxe5 Bc5+ 37. Kh1 Rd3 38. fxg5 Re3 39. Qf1 Rf7 40. Nf3 Bc6 41. Rf2 Qh5 42. Bd4 Rexf3 43. Bxc5 Rxf2 44. Bxf2 Bd7 45. Qe1 Qxg5 46. Rxc4 Re7 47.
Re4 Kg7 48. Re3 Bf5 49. Kg1 Qg6 50. h4 Qe6 51. Kh2 Bg4 52. Bg1 Rf7 53. Re4 h5 54. Rf4 Bf5 55. Bd4 Rd7 56. Qf2 Kg6 57. Qe3 Rf7 58.
Be4 Bxe4 59. Qxe4+ Rf5 60. Qxf5+ Qxf5 61. Rxf5 Kxf5 62.
Kg2 a6 63. Kf2 a5 64. Ke2 a4 65. Ba1 Ke6 66. Kd2 Kd5 67. Kc2 Ke6 68. Kb1 Kd5 69. Ka2 Ke6 70. Ka3 Kf5 71. Kxa4 Ke6 72. Kb3 Kf5 73. Kc2 Ke6 74. Kd3 Kf5 75. Ke3 Ke6 76. Kf4 Kd5 77. Kg5 Ke6 78. Kxh5 Kf5 79. Kh6 Ke6 80. Kg6 Kd5 81. h5 Ke6 82. g4 Kd5 83. g5 Ke6 84. h6 Kd5 85. Kg7 Ke6 86. g6 Kf5 87. Kf7 Kg5 88. h7 Kf5 89. e6 Kg5 90. e7 Kh6 91. Bg7+ Kg5 92. h8=Q Kg4 93. Bf6 Kf5 94. e8=Q Kg4 95. Qe4+ Kg3 96. Qhh4# 1-0

[Event "Late-Titled-Tuesday-Blitz-November-28-2023"]
[Site "Chess.com"]
[Date "2023.11.28"]
[Round "9"]
[White "DamianoLew95"]
[Black "koncheto"]
[Result "1-0"]
[WhiteElo "2735"]
[BlackElo "2522"]
[TimeControl "180+1"]
[EndTime "15:43:54 PST"]
[Termination "DamianoLew95 won by resignation"]

1. e4 c5 2. Nf3 d6 3. Bb5+ Nc6 4.
O-O Bd7 5. Bxc6 Bxc6 6. Re1 g6 7. c3 Nf6 8. d3 Bg7 9. Bg5 O-O 10. Qd2 Rb8 11. Bh6 b5 12. Bxg7 Kxg7 13. Qf4 e5 14. Qe3 b4 15. Nbd2 bxc3 16. bxc3 Qa5 17. d4 cxd4 18. cxd4 Rb4 19. Qc3 Bd7 20.
dxe5 dxe5 21. Qxe5 Qxe5 22. Nxe5 Be6 23. f3 Rc8 24. a3 Rb2 25. Nf1 Nh5 26. Nd3 Rb3 27. Nb4 Nf4 28. Reb1 a5 29. Rxb3 Bxb3 30. Rb1 Be6 31. Nd5 Bxd5 32. exd5 Nxd5 33. Rb5 Nf4 34.
g3 Ne2+ 35. Kf2 Nd4 36. Rxa5 Rc3 37. Ne3 Rb3 38. g4 Rb2+ 39. Kg3 Ne2+ 40. Kf2 Nf4+ 41.
Kf1 Rxh2 42. Ra4 Nd3 43. Kg1 Re2 44. Nc4 Ra2 45. Ra7 Ra1+ 46. Kg2 Nc5 47. Ne5 Ra2+ 48. Kg3 Kf6 49. f4 Ne4+ 50. Kf3 Nd6 51. Ra6 Ke7 52.
Nc6+ Kd7 53. Nb4 Rb2 54. Ra7+ Ke6 55. Ra6 Rb3+ 56. Ke2 Kd7 57. Kd2 Ne4+ 58. Kc2 Rg3 59. Nd5 Rxg4 60. Ra4 Ke6 61. Ne3 Rxf4 62. Kb2 h5 63.
Ra6+ Ke7 64. Ra7+ Kf8 65. a4 Kg7 66. Ra8 Nc5 67. a5 Rb4+ 68. Kc3 Ra4 69. Nd5 h4 70. Nb6 Ra1 71. Kb4 Nb7 72. a6 Na5 73. Na4 Nc6+ 74. Kb5 Nd4+ 75. Ka5 h3 76. Rc8 Nb3+ 77. Kb4 Nd4 78.
a7 h2 79. a8=Q h1=Q 80. Rg8+ Kf6 81. Qd8+ Ke5 82. Qc7+ Ke4 83. Re8+ Ne6 84. Nc3+ Kf5 85. Rxe6 fxe6 86. Qf7+ Kg5 87. Qe7+ Kh6 88. Qf8+ Kh5 89. Qh8+ Kg4 90. Qd4+ Kh3 91. Qe3+ Kh2 92. Qf4+ Kg1 93.
Ne2+ Kg2 94. Qg3+ Kf1 95. Nd4 Rb1+ 96. Kc3 Qg2 97. Qd3+ Kf2 98. Qxb1 Qe4 99. Qxe4 1-0

[Event "Late-Titled-Tuesday-Blitz-November-28-2023"]
[Site "Chess.com"]
[Date "2023.11.28"]
[Round "9"]
[White "Oleksandr_Bortnyk"]
[Black "FairChess_on_YouTube"]
[Result "1/2-1/2"]
[WhiteElo "3083"]
[BlackElo "3091"]
[TimeControl "180+1"]
[EndTime "15:44:05 PST"]
[Termination "Game drawn by 50-move rule"]

1. e4 e5 2. Nf3 Nf6 3. Nxe5 d6 4. Nf3 Nxe4 5. c4 Be7 6. Bd3 Nf6 7. Bc2 O-O 8. d4 Bg4 9. Be3 d5 10. cxd5 Qxd5 11.
Nc3 Qh5 12. Qd3 Nc6 13. a3 Bxf3 14. gxf3 Qxf3 15. Rg1 Rad8 16. Rxg7+ Kxg7 17. Bh6+ Kxh6 18. Qxf3 Nxd4 19. Qe3+ Kg7 20. O-O-O Ne6 21. Rg1+ Kh8 22. Bf5 Rd6 23. Qe5 Rg8 24. Rxg8+ Kxg8 25. Bxe6 fxe6 26. Qa5 Nd5 27. Qxa7 Nxc3 28. bxc3 Rc6 29. Kd2 Rd6+ 30. Ke2 Rc6 31. Qxb7 Rxc3 32. a4 Rc2+ 33. Kd3 Rxf2 34. Qxc7 Kf7 35. a5 Ra2 36. Qb6 Bh4 37. Qb7+ Kf6 38.
Qxh7 Bf2 39. Qh8+ Kf7 40. Qd8 Be1 41. Qc7+ Kf6 42. Qf4+ Ke7 43. Qg5+ Kf7 44. Qh5+ Ke7 45. Qh7+ Kd6 46. h4 Rxa5 47. h5 Rd5+ 48. Ke4 Re5+ 49. Kf3 Rf5+ 50. Ke2 Re5+ 51. Kd3 Rd5+ 52. Kc2 Bd2 53.
Qg6 Bf4 54. h6 Bxh6 55. Qxh6 Rf5 56. Qh2+ Kd7 57. Kd3 Rd5+ 58. Ke4 Rf5 59. Qd2+ Rd5 60. Qb4 Rf5 61. Qb7+ Kd6 62. Qb8+ Kd7 63. Qb7+ Kd6 64.
Qc8 Ke7 65. Qc7+ Kf6 66. Qd8+ Kf7 67. Qd7+ Kf6 68. Qe8 Re5+ 69. Kf4 Rf5+ 70. Kg4 Rg5+ 71. Kh4 Rf5 72. Qf8+ Ke5 73. Qe7 Kd5 74. Kg4 Ke5 75. Qd8 Rf4+ 76. Kg5 Rf5+ 77. Kg6 Rf4 78. Qc7+ Ke4 79.
Qc6+ Ke5 80. Qc5+ Ke4 81. Qc4+ Ke5 82. Qe2+ Kd6 83. Qd2+ Ke5 84. Qh2 Ke4 85. Qe2+ Kd5 86. Qa2+ Ke5 87. Qd2 Rf6+ 88. Kg5 Rf5+ 89. Kg6 Rf6+ 90.
Kg7 Rf5 91. Qe3+ Kd5 92. Kg6 Kd6 93. Qd4+ Ke7 94. Qd2 Rf6+ 95. Kg7 Rf7+ 96. Kg6 Rf6+ 97. Kg5 Rf5+ 98. Kg4 Rd5 99. Qb4+ Kf7 100. Qb8 Ke7 101. Qc7+ Rd7 102. Qc5+ Kf7 103. Qh5+ Ke7 104. Qh7+ Kd6 105. Qg8 1/2-1/2

[Event "Late-Titled-Tuesday-Blitz-November-28-2023"]
[Site "Chess.com"]
[Date "2023.11.28"]
[Round "9"]
[White "GlavkonVVS"]
[Black "CSB7"]
[Result "0-1"]
[WhiteElo "2501"]
[BlackElo "2689"]
[TimeControl "180+1"]
[EndTime "15:44:06 PST"]
[Termination "CSB7 won by resignation"]

1. c4 e6 2. Nc3 d5 3. d4 Bb4 4. Nf3 Nf6 5. Bg5 dxc4 6. e3 b5 7. a4 c6 8. Ne5 Bb7 9. Qf3 a6 10.
axb5 axb5 11. Rxa8 Bxa8 12. Be2 h6 13. Bh4 O-O 14.
O-O Nbd7 15. Nxd7 Qxd7 16. Bxf6 gxf6 17. Qxf6 c5 18. dxc5 Qd2 19. Bf3 Qxb2 20. Bxa8 Bxc3 21. Qf3 Bg7 22. Be4 c3 23. Qd1 Qb4 24. Bc2 Qxc5 25.
Qd3 Rb8 26. Rb1 b4 27. g3 Kf8 28. h4 Bf6 29. Bb3 Rd8 30. Qh7 Bg7 31. Ra1 c2 32. Rc1 Rd1+ 33. Rxd1 cxd1=Q+ 34. Bxd1 Qc1 35. Qd3 Bf6 36. Kg2 Qc3 37. Qd7 Kg7 38. Qb5 Qc7 39. Qd3 Qb7+ 40.
Bf3 Qb6 41. Qb3 Bc3 42. Be4 Qc7 43. h5 Qe5 44. Qc4 Qb8 45. Bc2 Bf6 46. g4 Kf8 47. f4 Be7 48. Kf3 Qa8+ 49. Be4 Qa1 50. Ke2 Qg1 51. Bf3 Qh2+ 52. Kd3 Qb2 53. Bd1 Qb1+ 54. Qc2 Qa1 55. Ke2 Qa6+ 56. Kf2 Qb6 57. Qd3 Bc5 58. Kf3 Qc6+ 59. Kf2 Qh1 60. Bf3 Qh2+ 61.
Kf1 Qh3+ 62. Ke2 Qh2+ 63. Kd1 Qg1+ 64. Ke2 Qh2+ 65. Kd1 Qg1+ 66. Ke2 Qc1 67. Be4 Qb2+ 68. Kf3 Qc1 69. g5 Qh1+ 70. Kg3 Qg1+ 71. Bg2 Qxe3+ 72.
Qxe3 Bxe3 73. gxh6 b3 74. Be4 f5 75. Bb1 Kg8 76. Kf3 Bc1 77. Kg3 Kh7 78. Kf3 Kxh6 79. Bd3 Kxh5 80. Bc4 b2 81. Ba2 Kg6 82. Kg3 Kf6 83.
Kf3 Bd2 84. Kg3 Be3 85. Kf3 Bc1 86. Kg3 Ke7 87. Kf3 Kd6 88. Kg3 Kc5 89. Kf3 Kd4 90. Bb1 Kc5 91. Ba2 Bd2 92. Kg3 Kd6 93. Kf3 e5 94. fxe5+ Kxe5 95. Bb1 f4 96. Bc2 Kd4 97. Bb1 Be3 98. Ke2 Kc3 99. Bd3 Bc5 100. Be4 Be3 101. Kf3 Kd2 102. Bf5 Kc1 103. Bd3 b1=Q 104. Bxb1 Kxb1 105. Ke2 Kc2 106. Kf3 Kd3 107. Kg2 Ke2 108. Kh1 f3 0-1

[Event "Late-Titled-Tuesday-Blitz-November-28-2023"]
[Site "Chess.com"]
[Date "2023.11.28"]
[Round "10"]
[White "DreamsAreFake"]
[Black "eljanov"]
[Result "0-1"]
[WhiteElo "2683"]
[BlackElo "2883"]
[TimeControl "180+1"]
[EndTime "15:46:16 PST"]
[Termination "eljanov won by resignation"]

1. Nf3 d5 2. g3 Nc6 3. d4 Bf5 4. Bg2 Nb4 5. Na3 e6 6. O-O Be7 7. c3 Nc6 8. Nc2 h6 9. Nce1 Nf6 10. Nd3 O-O 11. Bf4 a5 12. a4 Bd6 13. Qb3 Bxd3 14.
Bxd6 Bc4 15. Qxb7 Qxd6 16. Ne5 Nxe5 17. dxe5 Qxe5 0-1

[Event "Late-Titled-Tuesday-Blitz-November-28-2023"]
[Site "Chess.com"]
[Date "2023.11.28"]
[Round "10"]
[White "jinxy2009"]
[Black "wanyaland"]
[Result "0-1"]
[WhiteElo "2283"]
[BlackElo "2439"]
[TimeControl "180+1"]
[EndTime "15:47:04 PST"]
[Termination "wanyaland won by resignation"]

1. e4 c5 2. Nf3 e6 3. d4 cxd4 4. Nxd4 Nc6 5. Nc3 Qc7 6. Be3 Nf6 7. Ndb5 Qb8 8. Qd2 a6 9. Bb6 axb5 10. Nxb5 Nxe4 11. Nc7+ Qxc7 12. Bxc7 Nxd2 13. Kxd2 d5 0-1

[Event "Late-Titled-Tuesday-Blitz-November-28-2023"]
[Site "Chess.com"]
[Date "2023.11.28"]
[Round "10"]
[White "jcmesafischer"]
[Black "SmirnovTimofey2000"]
[Result "1-0"]
[WhiteElo "2367"]
[BlackElo "2040"]
[TimeControl "180+1"]
[EndTime "15:47:20 PST"]
[Termination "jcmesafischer won by resignation"]

1. e4 e5 2. Nf3 Nf6 3. Nxe5 d6 4.
Nf3 Nxe4 5. Nc3 Nxc3 6. dxc3 Be7 7. Bd3 Nc6 8. Be3 Ne5 9. Nxe5 dxe5 10. Qe2 O-O 11.
h4 a5 12. g4 f5 13. O-O-O fxg4 14. Bc4+ Kh8 15. Rxd8 Rxd8 16. Bg5 Bxg5+ 17. hxg5 Bf5 18. Qxe5 1-0

[Event "Late-Titled-Tuesday-Blitz-November-28-2023"]
[Site "Chess.com"]
[Date "2023.11.28"]
[Round "10"]
[White "ural58"]
[Black "NotFischer"]
[Result "1-0"]
[WhiteElo "2471"]
[BlackElo "2349"]
[TimeControl "180+1"]
[EndTime "15:47:32 PST"]
[Termination "ural58 won by resignation"]

1. e4 d5 2. exd5 Qxd5 3. Nc3 Qd6 4. d4 Nf6 5. Nf3 c6 6. g3 Bg4 7. Bg2 e6 8. h3 Bxf3 9. Bxf3 Qc7 10. O-O Bd6 11.
Ne2 h5 12. h4 Nbd7 13. c4 c5 14. b3 cxd4 15. Nxd4 a5 16. Nb5 Qb6 17. Nxd6+ Ke7 18. Ba3 Nc5 19. Nxb7 1-0

[Event "Late-Titled-Tuesday-Blitz-November-28-2023"]
[Site "Chess.com"]
[Date "2023.11.28"]
[Round "10"]
[White "Msb2"]
[Black "Oleksandr_Bortnyk"]
[Result "1/2-1/2"]
[WhiteElo "3048"]
[BlackElo "3082"]
[TimeControl "180+1"]
[EndTime "15:47:55 PST"]
[Termination "Game drawn by repetition"]

1. d4 Nf6 2. c4 d6 3. Nf3 g6 4. Nc3 Bg7 5. e4 Na6 6. Be2 O-O 7. O-O e5 8. Be3 Qe7 9. dxe5 dxe5 10. Nd5 Qd8 11.
Qc2 c6 12. Nxf6+ Qxf6 13. c5 Nc7 14. Bg5 Qe6 15. Rad1 h6 16. Rd6 Qe8 17. Rd8 Qe6 18. Rd6 Qe8 19. Rd8 Qe6 20. Rd6 1/2-1/2

[Event "Late-Titled-Tuesday-Blitz-November-28-2023"]
[Site "Chess.com"]
[Date "2023.11.28"]
[Round "10"]
[White "MeesvanOsch"]
[Black "Likvidator228"]
[Result "0-1"]
[WhiteElo "2423"]
[BlackElo "2569"]
[TimeControl "180+1"]
[EndTime "15:48:08 PST"]
[Termination "Likvidator228 won by checkmate"]

1. e4 c5 2. Nf3 g6 3. c4 Bg7 4. d4 cxd4 5. Nxd4 Nc6 6. Be3 Nf6 7.
Nc3 Ng4 8. Qxg4 Bxd4 9. Bxd4 Nxd4 10. O-O-O e5 11. Qg3 d6 12. f4 f6 13. h4 Be6 14. h5 Kf7 15. Kb1 Rc8 16. Nb5 Nxb5 17.
cxb5 Qa5 18. a3 Qa4 19. Rxd6 Qc2+ 20. Ka1 Qc1# 0-1

[Event "Late-Titled-Tuesday-Blitz-November-28-2023"]
[Site "Chess.com"]
[Date "2023.11.28"]
[Round "10"]
[White "Hilary46"]
[Black "colegiodemadrid"]
[Result "1-0"]
[WhiteElo "2636"]
[BlackElo "2496"]
[TimeControl "180+1"]
[EndTime "15:48:48 PST"]
[Termination "Hilary46 won by resignation"]

1. e4 e5 2. Nf3 Nf6 3. Nxe5 d6 4. Nf3 Nxe4 5. Nc3 Nxc3 6. dxc3 Be7 7. Be3 O-O 8. Qd2 Nd7 9. O-O-O Nf6 10. Bd3 c5 11.
Rhe1 Be6 12. Bg5 b5 13. Qf4 Qa5 14. Qh4 h6 15. Bxh6 gxh6 16. Qxh6 Qxa2 17. Ng5 c4 18. Bh7+ Kh8 19. Rxe6 fxe6 20. Bf5+ 1-0

[Event "Late-Titled-Tuesday-Blitz-November-28-2023"]
[Site "Chess.com"]
[Date "2023.11.28"]
[Round "10"]
[White "oogee"]
[Black "dianamirza"]
[Result "0-1"]
[WhiteElo "2285"]
[BlackElo "2037"]
[TimeControl "180+1"]
[EndTime "15:48:52 PST"]
[Termination "dianamirza won on time"]

1. d4 Nf6 2. c4 g6 3. Nc3 Bg7 4.
e4 d6 5. Be2 O-O 6. h4 h5 7.
Nh3 c5 8. d5 Nbd7 9. Bg5 Ne5 10. Nf4 e6 11. dxe6 Bxe6 12. Nxe6 fxe6 13. f4 Neg4 14.
Bxg4 Nxg4 15. Bxd8 Raxd8 0-1

[Event "Late-Titled-Tuesday-Blitz-November-28-2023"]
[Site "Chess.com"]
[Date "2023.11.28"]
[Round "10"]
[White "Mariia89"]
[Black "katharinareinecke"]
[Result "0-1"]
[WhiteElo "2138"]
[BlackElo "2009"]
[TimeControl "180+1"]
[EndTime "15:49:15 PST"]
[Termination "katharinareinecke won by resignation"]

1. d4 d5 2. c4 c6 3. e3 Nf6 4. Nc3 e6 5. Nf3 Be7 6. Bd3 dxc4 7. Bxc4 b5 8. Bb3 Bb7 9. O-O a6 10. Re1 O-O 11. e4 c5 12. e5 Nd5 13. Ne4 cxd4 14. Nxd4 Nc6 15. Nf3 Qc7 16. Bxd5 exd5 17. Qxd5 Rad8 18. Qb3 Nxe5 19. Bf4 Nxf3+ 20. Qxf3 Qc6 21.
Rac1 Qd5 22. Rc7 Bb4 23. Rxb7 Bxe1 24. Re7 Qd1 25. Nc3 Bxc3+ 26. Qxd1 Rxd1+ 0-1

[Event "Late-Titled-Tuesday-Blitz-November-28-2023"]
[Site "Chess.com"]
[Date "2023.11.28"]
[Round "10"]
[White "expii"]
[Black "hristos03"]
[Result "0-1"]
[WhiteElo "2221"]
[BlackElo "2359"]
[TimeControl "180+1"]
[EndTime "15:49:37 PST"]
[Termination "hristos03 won by resignation"]

1. e4 c5 2. Nf3 d6 3. d4 cxd4 4. Nxd4 Nf6 5. Nc3 a6 6. g3 e5 7. Nde2 Be7 8. Bg2 O-O 9. O-O b5 10. a3 Bb7 11. h3 Nbd7 12. Be3 Rc8 13. f4 exf4 14. gxf4 Nc5 15. Ng3 Re8 16. e5 Bxg2 17.
Kxg2 dxe5 18. fxe5 Nfd7 19. Bd4 Ne6 20. Nf5 Bf8 21. Ne4 Nxd4 22. Qxd4 Nxe5 23. Qxd8 Rcxd8 24. Rad1 Rxd1 25. Rxd1 Nc4 26. Nfd6 Rxe4 0-1

[Event "Late-Titled-Tuesday-Blitz-November-28-2023"]
[Site "Chess.com"]
[Date "2023.11.28"]
[Round "10"]
[White "TheMagician"]
[Black "PNEPaul"]
[Result "1-0"]
[WhiteElo "2281"]
[BlackElo "1871"]
[TimeControl "180+1"]
[EndTime "15:49:42 PST"]
[Termination "TheMagician won by resignation"]

1. d4 a6 2. Nf3 d6 3. g3 g6 4.
Bg2 Bg7 5. O-O h6 6. c4 Nd7 7. Nc3 e6 8. Qc2 Ne7 9. Rd1 O-O 10. a4 f5 11. a5 c6 12. Bf4 Nf6 13. c5 Nfd5 14. Bxd6 Nxc3 15. bxc3 Re8 16. Nh4 Kh7 17. e4 fxe4 18. Bxe4 Nf5 19. Be5 Bxe5 20. dxe5 Qg5 21. f4 Qg4 22. Bf3 Qh3 23. Nxf5 exf5 24. Rd6 Be6 25.
Rad1 Re7 26. c4 Rae8 27. Qe2 g5 28. Bg2 Qg4 29. Qxg4 fxg4 30. Be4+ Kg7 31. f5 Bxf5 32. Bxf5 Rxe5 33. Bxg4 Rxc5 34. Rd7+ Kf6 35. Rf1+ Kg6 36. Rdf7 1-0

[Event "Late-Titled-Tuesday-Blitz-November-28-2023"]
[Site "Chess.com"]
[Date "2023.11.28"]
[Round "10"]
[White "Korchmar_Vasiliy"]
[Black "MKlose11"]
[Result "1-0"]
[WhiteElo "2735"]
[BlackElo "2611"]
[TimeControl "180+1"]
[EndTime "15:49:52 PST"]
[Termination "Korchmar_Vasiliy won by checkmate"]

1. e4 e6 2. d4 d5 3. e5 c5 4. c3 Qb6 5. Nf3 Nc6 6. Be2 f6 7.
O-O fxe5 8. dxe5 Nh6 9. c4 d4 10. Bxh6 Qxb2 11. Nbd2 gxh6 12. Ne4 Be7 13. Ne1 O-O 14. Nd3 Qa3 15. Rb1 b6 16. Rb3 Qxa2 17.
Nc1 Qa6 18. Rg3+ Kh8 19. Nd3 Bd7 20. Qd2 Rf7 21. Qxh6 Qa2 22. Bh5 Raf8 23. Bxf7 Rxf7 24. Nf4 Nxe5 25. Qh5 Rf5 26. Qh6 Bf8 27. Nf6 Bxh6 28. Rg8# 1-0

[Event "Late-Titled-Tuesday-Blitz-November-28-2023"]
[Site "Chess.com"]
[Date "2023.11.28"]
[Round "10"]
[White "SilverCityIndigo"]
[Black "maurovargas01"]
[Result "1-0"]
[WhiteElo "2435"]
[BlackElo "1844"]
[TimeControl "180+1"]
[EndTime "15:49:52 PST"]
[Termination "SilverCityIndigo won by checkmate"]

1. e4 e5 2. Nf3 Nf6 3. d4 d6 4. dxe5 dxe5 5. Qxd8+ Kxd8 6. Nxe5 Be6 7. f3 Bd6 8. Nd3 Nc6 9. Nc3 Nd4 10. Kd1 Ke7 11. e5 Bxe5 12. Nxe5 Rhd8 13. Bd3 c5 14. Re1 c4 15.
Nxc4 Kf8 16. Na5 b6 17. Nb3 Nxb3 18. axb3 Bxb3 19. cxb3 Rxd3+ 20. Kc2 Rad8 21. Rxa7 R3d6 22. Ree7 Rc6 23. Rxf7+ Kg8 24. Rxg7+ Kh8 25. Bg5 Rf8 26. Bxf6 Rfxf6 27. Rxh7+ Kg8 28. Rhc7 b5 29. Rxc6 Rxc6 30. b4 Rc4 31. Kb3 Kf8 32. Nxb5 Rc1 33. Nc3 Ke8 34. b5 Kd8 35. b6 Kc8 36. Nb5 Kb8 37. Rc7 Rg1 38.
Nd6 Rxg2 39. Rc8# 1-0

[Event "Late-Titled-Tuesday-Blitz-November-28-2023"]
[Site "Chess.com"]
[Date "2023.11.28"]
[Round "10"]
[White "egnfanclub"]
[Black "Elbebiber"]
[Result "1-0"]
[WhiteElo "2325"]
[BlackElo "2135"]
[TimeControl "180+1"]
[EndTime "15:50:03 PST"]
[Termination "egnfanclub won by resignation"]

1. e4 c6 2. d4 d5 3. exd5 cxd5 4. c4 Nf6 5. Nc3 Nc6 6. Nf3 Bg4 7. cxd5 Nxd5 8. Qb3 Bxf3 9. gxf3 e6 10. Qxb7 Nxd4 11.
Bb5+ Nxb5 12. Qc6+ Ke7 13. Qxb5 Qd7 14. Nxd5+ Qxd5 15.
Bg5+ f6 16. Qxd5 exd5 17. Be3 Kf7 18. O-O-O Rc8+ 19. Kb1 Rc7 20. Rxd5 Be7 21. Ra5 Ra8 22. Rc1 Rb7 23. Rc6 Rd7 24. a3 Bd6 25. Rd5 Ke7 26. Rdxd6 Rxd6 27. Bc5 Rd8 28. Kc2 Ke6 29. Rxd6+ Rxd6 30. Bxd6 Kxd6 31. Kd3 a5 32. Ke4 g6 33.
Kd4 a4 34. Kc4 Ke5 35. Kb4 Kf4 36. Kxa4 Kxf3 37. b4 Kxf2 38. b5 1-0

[Event "Late-Titled-Tuesday-Blitz-November-28-2023"]
[Site "Chess.com"]
[Date "2023.11.28"]
[Round "10"]
[White "Yushko_Olga"]
[Black "inagreV"]
[Result "1-0"]
[WhiteElo "2156"]
[BlackElo "2386"]
[TimeControl "180+1"]
[EndTime "15:50:13 PST"]
[Termination "Yushko_Olga won by resignation"]

1. d4 d5 2. c4 e6 3. cxd5 exd5 4. Nc3 c6 5. Nf3 Nf6 6. Bg5 Be7 7. e3 Bf5 8. Bd3 Bxd3 9. Qxd3 Nbd7 10. O-O O-O 11.
Rfe1 Re8 12. a3 h6 13. Bh4 a5 14. Rac1 Qb6 15. Na4 Qa7 16. Qf5 b5 17. Nc3 g6 18.
Qh3 Kg7 19. Ne2 Qb7 20. Bxf6+ Bxf6 21. Nf4 Nb6 22. Nd3 a4 23. Nfe5 Nc4 24. Ng4 h5 25. Nxf6 Kxf6 26. Nc5 Qc8 27. Qh4+ Kg7 28. e4 Qg4 29.
Qxg4 hxg4 30. exd5 cxd5 31. Nd3 Re4 32. Rxe4 dxe4 33.
Nc5 f5 34. Rc2 Rd8 35. Ne6+ Kf6 36. Nxd8 1-0

[Event "Late-Titled-Tuesday-Blitz-November-28-2023"]
[Site "Chess.com"]
[Date "2023.11.28"]
[Round "10"]
[White "koncheto"]
[Black "VitaliyChayka"]
[Result "1-0"]
[WhiteElo "2528"]
[BlackElo "2418"]
[TimeControl "180+1"]
[EndTime "15:50:16 PST"]
[Termination "koncheto won by checkmate"]

1. e4 d6 2. d4 Nf6 3. Bd3 e5 4. c3 g6 5. f4 exd4 6. cxd4 c5 7. e5 Nd5 8. Nf3 Nc6 9. Be4 Be6 10.
Nc3 Nxc3 11. bxc3 d5 12. Bd3 Be7 13. Rb1 Qc7 14. O-O O-O 15. f5 Bxf5 16. Bxf5 gxf5 17. Ng5 cxd4 18. Qh5 Bxg5 19. Qxg5+ Kh8 20. Qf6+ Kg8 21. Rf3 Rfe8 22. Rg3+ Kf8 23. Bh6# 1-0

[Event "Late-Titled-Tuesday-Blitz-November-28-2023"]
[Site "Chess.com"]
[Date "2023.11.28"]
[Round "10"]
[White "serena-maria"]
[Black "Jahonas"]
[Result "0-1"]
[WhiteElo "2337"]
[BlackElo "2429"]
[TimeControl "180+1"]
[EndTime "15:50:18 PST"]
[Termination "Jahonas won by checkmate"]

1. e4 c6 2. d4 d5 3. f3 dxe4 4. fxe4 e5 5. Nf3 Bg4 6. dxe5 Qxd1+ 7. Kxd1 Nd7 8. Bf4 Ne7 9. e6 Bxe6 10. Bd3 Ng6 11. Bg3 O-O-O 12. Nbd2 Nc5 13. Ke2 Bd6 14. e5 Be7 15. Bxg6 hxg6 16. b4 Na4 17. Nb3 Nc3+ 18. Ke3 g5 19. a3 g4 20. Nfd4 Bxb3 21. Nxb3 Bg5+ 22. Kf2 Ne4+ 23. Ke2 Nxg3+ 24. hxg3 Rhe8 25. Rhe1 Rxe5+ 26. Kf1 Rf5+ 27. Kg1 Bf6 28. Rab1 Rd2 29. Nxd2 Bd4+ 30. Kh2 Rh5# 0-1

[Event "Late-Titled-Tuesday-Blitz-November-28-2023"]
[Site "Chess.com"]
[Date "2023.11.28"]
[Round "10"]
[White "cthake"]
[Black "falzehope0"]
[Result "0-1"]
[WhiteElo "1930"]
[BlackElo "2333"]
[TimeControl "180+1"]
[EndTime "15:50:23 PST"]
[Termination "falzehope0 won by resignation"]

1. e4 d6 2. d4 Nf6 3. Nc3 Nbd7 4. f4 e5 5. dxe5 dxe5 6. Nf3 Bb4 7. Bd3 Nc5 8. O-O O-O 9. Nxe5 Bxc3 10. bxc3 Ncxe4 11. Bb2 Qe7 12. Qf3 Qc5+ 13. Kh1 Nd6 14. c4 h6 15.
Rae1 Be6 16. Qe2 Rfe8 17. f5 Bd7 18. Nxd7 Nxd7 19. Qg4 f6 20. Bd4 Qb4 21. Re6 Nxc4 22. Bxf6 Nxf6 23. Bxc4 Nxg4 24. Rb6+ Qxc4 0-1

[Event "Late-Titled-Tuesday-Blitz-November-28-2023"]
[Site "Chess.com"]
[Date "2023.11.28"]
[Round "10"]
[White "e4evr"]
[Black "KorolDimitriy75"]
[Result "0-1"]
[WhiteElo "2133"]
[BlackElo "2302"]
[TimeControl "180+1"]
[EndTime "15:50:25 PST"]
[Termination "KorolDimitriy75 won by checkmate"]

1. d4 Nf6 2. c4 c5 3. d5 b5 4.
e3 bxc4 5. Bxc4 d6 6. Nc3 g6 7.
Qe2 Bg7 8. Nf3 O-O 9. O-O Nbd7 10. e4 Nb6 11. Nd2 Nxc4 12. Nxc4 Ba6 13. f4 Rb8 14. a3 Nd7 15. a4 Bxc3 16. bxc3 Nb6 17. f5 Bxc4 18. Qg4 Bxf1 19. Bh6 Ba6 20. h4 Nd7 21. h5 Nf6 22. Qg5 Nxh5 23. c4 e6 24. Qg4 exf5 25.
exf5 Qf6 26. Ra3 Qd4+ 27. Qxd4 cxd4 28. Bxf8 Kxf8 29. Rd3 Rb4 30. fxg6 hxg6 31. Rxd4 Rxc4 32. Rd2 Rxa4 33. Rb2 Bc4 34. Rb8+ Kg7 35. Rd8 Bxd5 36. Rxd6 Be6 37. Rd8 a5 38. Ra8 Ra2 39. Ra7 a4 40. Ra6 a3 41. Ra7 Ra1+ 42. Kh2 a2 43. g4 Rb1 44.
gxh5 a1=Q 45. h6+ Kxh6 46. Ra8 Rh1+ 47. Kg3 Qg1+ 48. Kf3 Rh3+ 49. Ke4 Qg4+ 50. Ke5 Qf5+ 51. Kd6 Qd5+ 52. Ke7 Qxa8 53. Kf6 Qd8+ 54. Ke5 Qd5+ 55. Kf4 Qf5# 0-1

[Event "Late-Titled-Tuesday-Blitz-November-28-2023"]
[Site "Chess.com"]
[Date "2023.11.28"]
[Round "10"]
[White "PoXerStar"]
[Black "Gyulamiryan-koryun"]
[Result "1-0"]
[WhiteElo "2409"]
[BlackElo "1987"]
[TimeControl "180+1"]
[EndTime "15:50:26 PST"]
[Termination "PoXerStar won by resignation"]

1. d4 Nf6 2. c4 c5 3. d5 b5 4.
cxb5 a6 5. bxa6 Bxa6 6. Nc3 g6 7. Nf3 Bg7 8. g3 d6 9. Bg2 O-O 10. O-O Nbd7 11. Rb1 Bb7 12. Re1 Nb6 13. Nh4 e6 14. dxe6 Bxg2 15. Nxg2 fxe6 16. Nf4 Qd7 17. e4 Nc4 18.
Qb3 d5 19. exd5 exd5 20. Ncxd5 Nxd5 21. Qxc4 Rad8 22. Rd1 Bd4 23. Be3 Bxe3 24. Rxd5 Qf7 25. fxe3 g5 26. Rxg5+ Kh8 27. Qxf7 Rxf7 28. Rxc5 Re7 29.
Rc2 Rxe3 30. b4 Ra3 31. b5 Rda8 32. b6 Rb8 33. b7 Ra7 34. Rc8+ Rxc8 35. bxc8=Q+ 1-0

[Event "Late-Titled-Tuesday-Blitz-November-28-2023"]
[Site "Chess.com"]
[Date "2023.11.28"]
[Round "10"]
[White "Redzishchess"]
[Black "nitpicker"]
[Result "1-0"]
[WhiteElo "2465"]
[BlackElo "2309"]
[TimeControl "180+1"]
[EndTime "15:50:33 PST"]
[Termination "Redzishchess won on time"]

1. d4 Nf6 2. c4 e6 3. g3 d5 4. Bg2 Bb4+ 5. Nd2 Be7 6. Ngf3 c6 7. O-O O-O 8. Qc2 b6 9. e4 Bb7 10. e5 Ne8 11. Rd1 Nd7 12. b3 Rc8 13. cxd5 cxd5 14.
Qd3 Nb8 15. Bb2 Ba6 16. Qe3 Nc6 17. a3 Na5 18. Rac1 Nc7 19. h4 h6 20. Bf1 Bxf1 21.
Kxf1 Qd7 22. b4 Qb5+ 23. Qe2 Nb7 24. Rc2 Qxe2+ 25. Kxe2 Na6 26. Rdc1 Rxc2 27. Rxc2 Bd8 28. Ne1 b5 29. Nd3 Bb6 30. Nc5 Bxc5 31. dxc5 Rc8 32.
Nb3 Nd8 33. Nd4 1-0

[Event "Late-Titled-Tuesday-Blitz-November-28-2023"]
[Site "Chess.com"]
[Date "2023.11.28"]
[Round "10"]
[White "NCchamp"]
[Black "noblerone"]
[Result "0-1"]
[WhiteElo "2365"]
[BlackElo "2489"]
[TimeControl "180+1"]
[EndTime "15:50:40 PST"]
[Termination "noblerone won by resignation"]

1. e4 c5 2. Nc3 e6 3. d4 cxd4 4.
Qxd4 Nc6 5. Qd3 Nf6 6. Bf4 Bb4 7.
Ne2 d5 8. O-O-O O-O 9. exd5 exd5 10. Nxd5 Nxd5 11. Qxd5 Qf6 12. Bg5 Qxf2 13. c3 Be6 14. Qf3 Bc5 15. Qxf2 Bxf2 16. Kb1 h6 17. Bf4 Rfd8 18.
Rxd8+ Rxd8 19. Nc1 Rd1 20. Be2 Rxh1 0-1